 Dungeon Crawl Stone Soup version 0.23.2-40-g277498a001 (webtiles) character file.

Game seed: 14339839848708802634

50 Descartes the Gusty (level 3, -1/17 HPs)
             Began as a Vine Stalker Air Elementalist on Sept 1, 2019.
             Slain by an adder (4 damage)
             ... on level 2 of the Dungeon.
             The game lasted 00:05:38 (1774 turns).

Descartes the Gusty (Vine Stalker Air Elementalist) Turns: 1774, Time: 00:05:39

Health: -1/17      AC:  2    Str: 10    XL:     3   Next: 79%
Magic:  0/2        EV: 12    Int: 16    God:
Gold:   61         SH:  0    Dex: 14    Spells: 6/7 levels left

rFire    . . .     SeeInvis .   d - +0 dagger (antimagic)
rCold    . . .     Gourm    .   (no shield)
rNeg     . . .     Faith    .   a - +0 robe
rPois    .         Spirit   +   (no helmet)
rElec    .         Reflect  .   (no cloak)
rCorr    .         Harm     .   (no gloves)
MR       .....                  (no boots)
Stlth    ++........             (no amulet)
HPRegen  0.05/turn              (no ring)
MPRegen  0.08/turn              (no ring)

@: lethally poisoned (-1 -> -6)
A: fangs 2, magic shield, antimagic bite, no potion heal 3, rot immunity
a: no special abilities


You were on level 2 of the Dungeon.
You were not hungry.

You visited 1 branch of the dungeon, and saw 2 of its levels.

You collected 61 gold pieces.

Inventory:

Hand Weapons
 d - a +0 antimagic dagger (weapon)
Missiles
 k - 13 stones (quivered)
Armour
 a - a +0 robe (worn)
Scrolls
 b - a scroll of enchant armour {unknown}
 f - 2 scrolls of blinking {unknown}
 i - a scroll of random uselessness {unknown}
 j - a scroll of enchant weapon {unknown}
Potions
 e - 2 potions of curing {unknown}
 g - a potion of mutation {unknown}
 l - a potion of heal wounds {unknown}
 m - 2 potions of magic {unknown}
 n - a potion of brilliance {unknown}
Comestibles
 c - 3 rations
 h - a chunk of flesh


   Skills:
 + Level 0.6 Fighting
 + Level 0.4 Armour
 + Level 1.7 Dodging
 + Level 2.9 Stealth
 + Level 0.9 Unarmed Combat
 * Level 2.5 Spellcasting
 * Level 1.6 Conjurations
 * Level 3.3 Air Magic


You had 6 spell levels left.
You knew the following spells:

 Your Spells              Type           Power        Failure   Level  Hunger
a - Shock                 Conj/Air       #...         7%          1    #......

Your spell library contained the following spells:

 Spells                   Type           Power        Failure   Level  Hunger
 Swiftness                Chrm/Air       #.......     16%         2    ##.....
 Static Discharge         Conj/Air       #.......     22%         3    ###....
 Airstrike                Air            ##........   45%         4    #####..
 Lightning Bolt           Conj/Air       #.........   89%         5    ######.


Dungeon Overview and Level Annotations

Branches:
Dungeon (2/15)

Altars:


Innate Abilities, Weirdness & Mutations

You have extremely sharp teeth.
When hurt, damage is shared between your health and your magic reserves.
Your bite disrupts and absorbs the magic of your enemies.
Potions cannot restore your health.
You are immune to rotting.


Message History

You feel sick. The adder misses you.
You hit the adder. Your bite misses the adder.
The adder is severely wounded.
You feel sick. The adder bites you.
* * * LOW HITPOINT WARNING * * *
You hit the adder.
The adder is almost dead.
The adder closely misses you. The adder bites you.
* * * LOW HITPOINT WARNING * * *
You hit the adder but do no damage.
The adder is almost dead.
The adder completely misses you.
You hit the adder but do no damage.
The adder is almost dead.
* * * LOW HITPOINT WARNING * * *
You feel sick. The adder misses you.
You hit the adder. Your bite misses the adder.
The adder is almost dead.
The adder closely misses you. The adder bites you.
You die...

....... ....... .......
....... ############
.†..... #..........#
...S... #..........#
.......#####..........#
...>.......S@.......<.#
.S....................#
#####................<#
#.......÷.........#
#.................#
#.............#####
...............#
..#####........#
#........#


You could see an adder.

Vanquished Creatures
  2 adders (D:2)
  An ooze (D:1)
  6 goblins (D:1)
  7 hobgoblins
  4 bats (D:1)
  2 frilled lizards (D:1)
  A kobold (D:1)
  6 rats
29 creatures vanquished.

Notes
Turn   | Place    | Note
-------+----------+-------------------------------------------
     0 | D:1      | Descartes the Vine Stalker Air Elementalist began the quest
                  | for the Orb.
     0 | D:1      | Reached XP level 1. HP: 9/9 MP: 4/4
   242 | D:1      | Reached XP level 2. HP: 13/13 MP: 3/6
  1397 | D:1      | Reached XP level 3. HP: 17/17 MP: 0/7
  1774 | D:2      | Slain by an adder

Action                   || total
-------------------------++-------
Melee: Dagger            ||    24
       Bite              ||     6
 Cast: Shock             ||    47
  Eat: Chunk             ||     3
Armor: Robe              ||     8
Dodge: Dodged            ||    16
